 Dungeon Crawl Stone Soup version 0.23.2 (webtiles) character file.

Game seed: 14658095447036463224

126 Borgoz the Sneak (level 5, 0/42 HPs)
             Began as a Ghoul Assassin on Apr 5, 2019.
             Was an Initiate of Ashenzari.
             Slain by a howler monkey (6 damage)
             ... on level 4 of the Dungeon.
             The game lasted 00:04:35 (2541 turns).

Borgoz the Sneak (Ghoul Assassin)                   Turns: 2541, Time: 00:04:37

Health: 0/42       AC:  3    Str: 15    XL:     5   Next: 9%
Magic:  4/4        EV: 12    Int:  7    God:    Ashenzari [......]
Gold:   132        SH:  0    Dex: 14    Spells: 4/4 levels left

rFire    . . .     SeeInvis .   a - +2 dagger
rCold    + . .     Gourm    .   (no shield)
rNeg     + + +     Faith    .   c - +0 robe
rPois    ∞         Spirit   .   (no helmet)
rElec    .         Reflect  .   d - +0 cloak
rCorr    .         Harm     .   (no gloves)
MR       .....                  (no boots)
Stlth    ++++......             (no amulet)
HPRegen  0.00/turn              m - +4 ring of dexterity
MPRegen  0.09/turn              j - ring of stealth

@: rotting
A: rotting body, claws 1, carnivore, cold resistance 1, negative energy
resistance 3, inhibited regeneration, torment resistance, unbreathing
a: Curse Item, Renounce Religion


You were on level 4 of the Dungeon.
You worshipped Ashenzari.
Ashenzari was noncommittal.
You were not hungry.

You visited 1 branch of the dungeon, and saw 4 of its levels.

You collected 132 gold pieces.

Inventory:

Hand Weapons
 a - a +2 dagger (weapon)
 b - a +0 blowgun
Missiles
 e - 10 poisoned needles
 f - 7 curare-tipped needles
 q - 6 javelins of penetration (quivered)
Armour
 c - a +0 robe (worn)
 d - a +0 cloak (worn)
Jewellery
 j - a ring of stealth (right claw)
 l - an uncursed ring of protection from cold
 m - a +4 ring of dexterity (left claw)
Scrolls
 n - a scroll of magic mapping {unknown}
 s - a scroll of remove curse
 t - a scroll of teleportation {unknown}
 u - 4 scrolls of blinking {unknown}
Potions
 h - a potion of mutation {unknown}
 k - a potion of cancellation {unknown}
Comestibles
 g - 9 rations


   Skills:
 - Level 2.3 Fighting
 * Level 2.6 Short Blades
 - Level 1.7 Throwing
 * Level 1.7 Armour
 - Level 2.0 Dodging
 + Level 5.4 Stealth


You had 4 spell levels left.
You didn't know any spells.
Your spell library was empty.

Dungeon Overview and Level Annotations

Branches:
Dungeon (4/15)
 Temple: D:4-7

Altars:
Ashenzari
Dithmenos
Elyvilon
Kikubaaqudgha
Qazlal
Ru
Wu Jian
The Shining One


Innate Abilities, Weirdness & Mutations

Your body is rotting away.
You thrive on raw meat.
You are immune to poison.
You have sharp fingernails.
You are carnivorous and can eat meat at any time.
Your flesh is cold resistant. (rC+)
You are immune to negative energy. (rN+++)
You do not regenerate when monsters are visible.
You are immune to unholy pain and torment.
You can survive without breathing.


Message History

You cannot raise a blood rage in your lifeless body.
The hound bites you.
* * * LOW HITPOINT WARNING * * *
The howler monkey completely misses you.
The giant cockroach misses you.
The giant cockroach bites you but does no damage.
The giant cockroach barely misses you.
The hound stops to sniff the ground.
The hound barely misses you.
The howler monkey hits you but does no damage.
As you read the scroll labeled WUM SAGUNEM, it crumbles to dust.
It is a scroll of amnesia.
You feel forgetful for a moment.
The giant cockroach waves its antennae.
The giant cockroach completely misses you.
The giant cockroach misses you. The giant cockroach barely misses you.
The hound bites you.
* * * LOW HITPOINT WARNING * * *
The howler monkey hits you.
You die...

.........# ......
##.## # .........#
##....... #..# #
..$......###........
##.## #
[.........##........
#..# #
.......?..#.........
##.## #
..$............=....
#..##
....................
##..#
...........s.s......
#..##
.....#.....s@h......
##...
##$.###.g....h......
#...
...s...............
#..##
.........[......
....##
########........
....# ###...... ###.
##.... .. ##.# #.


You could see a howler monkey, a hound, a gnoll and 3 giant cockroaches.

Vanquished Creatures
  6 adders
  An ooze (D:2)
  A worm (D:3)
  3 dart slugs
  3 orcs (D:3)
  3 giant cockroaches
  6 goblins
  8 hobgoblins
  2 jackals (D:3)
  2 ball pythons (D:1)
  5 bats
  3 frilled lizards
  9 kobolds
  9 rats
61 creatures vanquished.

Notes
Turn   | Place    | Note
-------+----------+-------------------------------------------
     0 | D:1      | Borgoz the Ghoul Assassin began the quest for the Orb.
     0 | D:1      | Reached XP level 1. HP: 17/17 MP: 0/0
   121 | D:1      | Reached skill level 1 in Dodging
   315 | D:1      | Reached XP level 2. HP: 23/23 MP: 1/1
   386 | D:1      | Reached skill level 5 in Stealth
   598 | D:2      | Reached XP level 3. HP: 30/30 MP: 2/2
   867 | D:2      | Found a faded altar of an unknown god.
  1079 | D:2      | Reached skill level 1 in Armour
  1179 | D:2      | Found an ancient bone altar of Kikubaaqudgha.
  1182 | D:2      | Found a stormy altar of Qazlal.
  1185 | D:2      | Found a white marble altar of Elyvilon.
  1255 | D:3      | Found a sacrificial altar of Ru.
  1273 | D:3      | Reached XP level 4. HP: 25/35 MP: 3/3
  1659 | D:3      | Found a shattered altar of Ashenzari.
  1670 | D:3      | Became a worshipper of Ashenzari the Shackled
  2060 | D:3      | Reached XP level 5. HP: 19/42 MP: 4/4
  2079 | D:3      | Found a shadowy altar of Dithmenos.
  2085 | D:3      | Found a glowing golden altar of the Shining One.
  2089 | D:3      | Found an ornate altar of the Wu Jian Council.
  2541 | D:4      | Slain by a howler monkey

Skill      XL: |  1  2  3  4 |
---------------+-------------+-----
Dodging        | 1 2 |  2.0
Stealth        | 5 |  5.4
Short Blades   | 2 |  2.6
Armour         | 1 |  1.7
Fighting       | |  2.3
Throwing       | |  1.7

Action                   |  1- 3 |  4- 6 || total
-------------------------+-------+-------++-------
Melee: Dagger            |    75 |   133 ||   208
  Use: Potion            |       |     9 ||     9
       Scroll            |       |     1 ||     1
 Stab: Sleeping          |    14 |     9 ||    23
  Eat: Chunk             |     4 |    10 ||    14
Armor: Robe              |    15 |    31 ||    46
Dodge: Dodged            |    28 |   108 ||   136
